 Dungeon Crawl Stone Soup version 0.29-a0-416-g83a48905f1 (webtiles) character file.

Game seed: 1826866475095629025

1076 hquester the Grave Robber (level 8, 0/54 (58) HPs)
             Began as a Demonspawn Necromancer on May 16, 2022.
             Slain by a wight
             ... wielding a +4 long sword
              (7 damage)
             ... on level 6 of the Dungeon.
             The game lasted 00:36:25 (7107 turns).

hquester the Grave Robber (Demonspawn Necromancer)  Turns: 7107, Time: 00:36:26

HP:   0/54 (58)     AC:  4    Str: 10    XL:     8   Next: 8%
MP:   14/14         EV: 14    Int: 20    God:
Gold: 275           SH:  0    Dex: 19    Spells: 7/15 levels left

rFire   + . .      SeeInvis .   d - +0 dagger (protect)
rCold   + . .      Faith    .   (no shield)
rNeg    . . .      Spirit   .   o - +0 robe {rC+ rF+}
rPois   .          Reflect  +   (no helmet)
rElec   .          Harm     .   l - +0 cloak
rCorr   .          Rampage  .   (gloves unavailable)
Will    .....                   h - +0 pair of boots
Stlth   +.........              a - amulet of reflection
HPRegen 0.18/turn               v - +6 ring of dexterity
MPRegen 0.14/turn               (no ring)

@: confused, mighty, ambrosia-drunk, flying, hasted, drained, very quick
A: claws 3, ignite blood 1, big brain 1
a: no special abilities


You were on level 6 of the Dungeon.
You visited 1 branch of the dungeon, and saw 6 of its levels.

You collected 275 gold pieces.

Inventory:

Hand Weapons
 d - a +0 dagger of protection (weapon)
Armour
 h - a +0 pair of boots (worn)
 l - a +0 cloak (worn)
 o - a +0 robe of resistance (worn)
Jewellery
 a - an amulet of reflection (around neck)
 c - a ring of ice
 v - a +6 ring of dexterity (left claw)
Scrolls
 f - a scroll of vulnerability
 i - a scroll of magic mapping {unknown}
 j - a scroll of poison
 k - a scroll of teleportation
 r - 2 scrolls of fear
 w - a scroll of identify
Potions
 e - 5 potions of brilliance
 g - a potion of flight
 p - a potion of invisibility {unknown}
 q - a potion of lignification {unknown}
 t - a potion of resistance {unknown}
 u - a potion of heal wounds {unknown}
 x - a potion of berserk rage {unknown}


   Skills:
 + Level 3.0 Fighting
 + Level 2.7 Short Blades
 + Level 3.5 Dodging
 + Level 4.4 Stealth
 + Level 2.4 Unarmed Combat
 * Level 4.1 Spellcasting
 + Level 5.7 Necromancy


You had 7 spell levels left.
You knew the following spells:

 Your Spells              Type           Power      Damage    Failure   Level
a - Pain                  Necr           100%       1d9       1%          1
b - Vampiric Draining     Necr           27%        2d7       3%          3
c - Animate Dead          Necr           13%        N/A       12%         4

Your spell library contained the following spells:

 Spells                   Type           Power      Damage    Failure   Level
 Animate Skeleton         Necr           54%        N/A       1%          1
 Beastly Appendage        Tmut           8%         N/A       13%         1
 Shock                    Conj/Air       16%        1d4       13%         1
 Wereblood                Tmut           4%         N/A       19%         2
 Agony                    Necr           27%        N/A       32%         5
 Ozocubu's Armour         Ice            4%         N/A       36%         3
 Spider Form              Tmut/Pois      4%         N/A       36%         3
 Swiftness                Air            4%         N/A       36%         3
 Airstrike                Air            2%         N/A       77%         4
 Metabolic Englaciation   Hex/Ice        2%         N/A       98%         5
 Simulacrum               Ice/Necr       7%         N/A       99%         6


Dungeon Overview and Level Annotations

Branches:
Dungeon (6/15)             Temple (0/1) D:4

Altars:
Yredelemnul

Annotations:
D:5 Grinder


Innate Abilities, Weirdness & Mutations

You have claws for hands.
Your demonic aura sometimes causes spilled blood to erupt in flames.
You have an unusually large brain. (Int +2)


Message History

You block the wight's attack.
You puncture the wight!
You destroy the wight!
You have reached level 8!
You feel stronger.
Your demonic ancestry asserts itself...
Your brain expands.
You hit the wight.
The wight is moderately damaged.
You block the wight's attack.
You hit the wight.
The wight is heavily damaged.
The wight misses you.
You closely miss the wight.
The wight is heavily damaged.
The wight misses you.
You hit the wight.
The wight is severely damaged.
The wight hits you with a +1 battleaxe.
* * * LOW HITPOINT WARNING * * *
You feel drained.
* * * LOW HITPOINT WARNING * * *
You hit the wight.
You destroy the wight!
Your Fighting skill increases to level 3!
You barely miss the wight. The wight hits you but does no damage.
You barely miss the wight.
The wight hits you with a +4 long sword.
* * * LOW HITPOINT WARNING * * *
It was a potion of flight.
You feel very buoyant.
You fly up into the air.
You block the wight's attack.
It was a potion of ambrosia.
You are confused.
You feel invigorated.
The wight hits you with a +4 long sword.
* * * LOW HITPOINT WARNING * * *
Unknown command.
It was a potion of haste.
You feel yourself speed up.
The wight hits you with a +4 long sword!
You die...

...............####.######..
#.#.##.#####.......(.##....
#.....z..............##.#..
#.......#####..$.....##.#..
#.......# #........##.#..
#.......#####........##.###
#....................##....
#.......######.#.##########
#.......)z@................
##......######.#...........
######## #.############ #.#
#.# #$# # #.# . #.# # .


You could see a wight.

Vanquished Creatures
  A wraith (D:5)
  Edmund (D:4)
  A water moccasin (D:5)
  2 ice beasts (D:5)
  A phantom (D:6)
  A scorpion (D:5)
  A necrophage (D:5)
  2 wights (D:6)
  A jelly (D:5)
  9 adders
  3 ufetubi
  2 worms
  3 dart slugs
  5 orcs
  9 bats
  3 endoplasms
  2 giant cockroaches
  9 hobgoblins
  4 jackals (D:4)
  A quokka (D:2)
  6 ball pythons
  2 frilled lizards
  3 goblins
  10 kobolds
  4 rats
86 creatures vanquished.

Notes
Turn   | Place    | Note
-------+----------+-------------------------------------------
     0 | D:1      | hquester the Demonspawn Necromancer began the quest for the
                  | Orb.
     0 | D:1      | Reached XP level 1. HP: 13/13 MP: 3/3
   390 | D:1      | Gained mutation: You have sharp fingernails. [demonic
                  | ancestry]
   390 | D:1      | Reached XP level 2. HP: 19/19 MP: 5/5
   458 | D:1      | Found a faded altar of an unknown god.
   475 | D:1      | Found a faded altar of an unknown god.
  1400 | D:2      | Gained mutation: You have very sharp fingernails. [demonic
                  | ancestry]
  1400 | D:2      | Reached XP level 3. HP: 7/25 MP: 3/6
  1993 | D:2      | Learned a level 3 spell: Vampiric Draining
  2963 | D:3      | Found a basalt altar of Yredelemnul.
  3053 | D:3      | Reached XP level 4. HP: 23/31 MP: 3/7
  3853 | D:4      | Identified the +1 robe "Izaqaowa" {rF+}
  3977 | D:4      | Reached skill level 1 in Short Blades
  3983 | D:4      | Reached skill level 1 in Fighting
  4238 | D:4      | Noticed Edmund
  4354 | D:4      | Killed Edmund
  4355 | D:4      | Reached skill level 1 in Unarmed Combat
  4355 | D:4      | Gained mutation: Your demonic aura sometimes causes spilled
                  | blood to erupt in flames. [demonic ancestry]
  4355 | D:4      | Reached XP level 5. HP: 29/37 MP: 1/9
  4647 | D:4      | Found a staircase to the Ecumenical Temple.
  4712 | D:5      | Entered Level 5 of the Dungeon
  4759 | D:5      | Noticed an ice beast
  4908 | D:5      | Killed an ice beast
  4909 | D:5      | Reached skill level 5 in Necromancy
  4909 | D:5      | Reached XP level 6. HP: 33/44 MP: 2/10
  4914 | D:5      | Learned a level 4 spell: Animate Dead
  5030 | D:5      | Noticed an ice beast
  5075 | D:5      | Killed an ice beast
  5326 | D:5      | Noticed a water moccasin
  5334 | D:5      | Killed a water moccasin
  5335 | D:5      | Gained mutation: You have claws for hands. [demonic
                  | ancestry]
  5335 | D:5      | Reached XP level 7. HP: 50/50 MP: 1/11
  5425 | D:5      | Noticed a wraith
  5452 | D:5      | Killed a wraith
  5924 | D:5      | Noticed Grinder
  6161 | D:5      | Paralysed by Grinder for 4 turns
  7095 | D:6      | Gained mutation: You have an unusually large brain. (Int
                  | +2) [demonic ancestry]
  7095 | D:6      | Reached XP level 8. HP: 13/53 MP: 14/14
  7106 | D:6      | HP: 1/54 [wight/+4 long sword (5)]
  7107 | D:6      | Slain by a wight

Illustrated notes

Levels and vault maps discovered:
D:1:      tarquinn_simple_flora_water_a, layout_rooms,
          hellmonk_ecumenical_altar_the_god_not_taken
D:2:      layout_basic, glass_columns_b, minmay_tree_intersection,
          minmay_tetromino_s4
D:3:      layout_basic, mainiacjoe_overflow_six_doors_small, dk_noncrumbling_4,
          chequers_serial_rivers_small_3, minmay_misc_feat_plants
D:4:      layout_rooms, minmay_temple_entry_from_below_a,
          hangedman_decor_growths, roderic_nine_men_s_morris, uniq_edmund
D:5:      layout_basic, uniq_grinder
D:6:      lemuel_ice_spiral_2, layout_basic, ebering_ghost_reflecting_pool

Skill      XL: |  1  2  3  4  5  6  7  8 |
---------------+-------------------------+-----
Stealth        | 2 3 4 |  4.4
Dodging        | 2 3 |  3.5
Short Blades   | 1 2 |  2.7
Fighting       | 1 2 3 |  3.0
Unarmed Combat | 1 2 |  2.4
Necromancy     | 5 |  5.7
Spellcasting   | 3 4 |  4.1

Action                   |  1- 3 |  4- 6 |  7- 9 || total
-------------------------+-------+-------+-------++-------
Melee: Dagger            |   137 |   179 |   165 ||   481
       Unarmed           |     8 |       |       ||     8
       Punch             |       |     4 |     4 ||     8
 Cast: Pain              |    41 |       |     1 ||    42
       Vampiric Draining |     2 |    17 |     6 ||    25
  Use: Scroll            |       |     9 |     2 ||    11
       Potion            |       |     2 |     7 ||     9
 Stab: Sleeping          |     6 |     6 |     1 ||    13
Armor: Robe              |    36 |    66 |    65 ||   167
Dodge: Dodged            |    79 |   118 |   106 ||   303
Block: Other             |       |       |    15 ||    15

Table legend: (Time is in decaauts)
 A = Elapsed time spent in this place.
 B = Non-inter-level travel time spent in this place.
 C = Inter-level travel time spent in this place.
 D = Time resting spent in this place.
 E = Time spent auto-exploring this place.
 F = Levels seen in this place.
 G = Mean time per level.
                   A        B        C        D        E       F      G
               +--------+--------+--------+--------+--------+-----+--------+
         Total |   7111 |   7092 |     19 |    370 |   5005 |   6 | 1185.2 |
       Dungeon |   7111 |   7092 |     19 |    370 |   5005 |   6 | 1185.2 |
               +--------+--------+--------+--------+--------+-----+--------+

Top non-repeatable levels by time:
     D:5: 1857 daAuts
     D:2: 1574 daAuts
     D:3: 1180 daAuts
     D:1: 1045 daAuts
     D:4: 908 daAuts
     D:6: 545 daAuts
